 Dungeon Crawl Stone Soup version 0.24-a0-271-ga0fc33f724 (webtiles) character file.

Game seed: 2346797034323458167

18 Redear the Skirmisher (level 2, 24/24 HPs)
             Began as a Demonspawn Fighter on Apr 23, 2019.
             Quit the game on level 1 of the Dungeon.
             The game lasted 00:00:50 (476 turns).

Redear the Skirmisher (Demonspawn Fighter)           Turns: 476, Time: 00:00:51

Health: 24/24      AC:  6    Str: 16    XL:     2   Next: 48%
Magic:  2/2        EV:  7    Int:  9    God:
Gold:   28         SH:  8    Dex: 12    Spells: 1/1 levels left

rFire    . . .     SeeInvis .   a - +0 flail
rCold    . . .     Gourm    .   c - +0 shield
rNeg     . . .     Faith    .   b - +0 scale mail
rPois    .         Spirit   .   (helmet restricted)
rElec    .         Reflect  .   (no cloak)
rCorr    .         Harm     .   (no gloves)
MR       .....                  (no boots)
Stlth    ..........             (no amulet)
HPRegen  0.08/turn              (no ring)
MPRegen  0.08/turn              (no ring)

@: no status effects
A: antennae 1
a: no special abilities


You were on level 1 of the Dungeon.
You were not hungry.

You visited 1 branch of the dungeon, and saw 1 of its levels.

You collected 28 gold pieces.

Inventory:

Hand Weapons
 a - a +0 flail (weapon)
Armour
 b - a +0 scale mail (worn)
 c - a +0 shield (worn)
Scrolls
 e - a scroll of enchant weapon {unknown}
 f - a scroll of identify {unknown}
 g - a scroll of teleportation {unknown}
 h - a scroll of noise {unknown}
Potions
 d - a potion of might {Str+5 DMG+1d10 | @q3}
 i - 2 potions of flight {unknown}
 j - a potion of ambrosia {unknown}
 k - a potion of cancellation {unknown}
Comestibles
 z - 4 rations


   Skills:
 + Level 3.1 Fighting
 + Level 2.0 Maces & Flails
 + Level 2.9 Armour
 + Level 0.6 Dodging
 + Level 2.9 Shields


You had one spell level left.
You didn't know any spells.
Your spell library was empty.

Dungeon Overview and Level Annotations

Branches:
Dungeon (1/15)

Altars:


Innate Abilities, Weirdness & Mutations

You have a pair of small antennae on your head.


Message History

Done exploring.
Done exploring.
No target in view!
No target in view!
Done exploring.
Done exploring.
Done exploring.
Done exploring.
Done exploring.
No target in view!
No target in view!
No target in view!
Done exploring.
Unknown command.
Done exploring.
No target in view!
Search for what [? for help]?
Okay, then.
Unknown command.
Are you sure you want to abandon this character and quit the game? (Confirm with "yes".)

#............#.≈≈≈≈≈#####≈≈≈≈
#...........#..≈≈≈≈##...##≈≈≈
##..........#.≈≈≈≈≈#.....#.≈≈
#...........#..≈≈≈≈#..<..'...
#.............≈≈≈≈≈#.....#...
#...............≈≈≈##...##≈.≈
#....#..........≈≈≈≈#####≈≈≈≈
#....#..........≈≈≈≈≈≈≈≈≈≈≈≈≈
#....#......@...≈≈≈≈≈≈≈≈≈≈≈≈≈
#...........^.#.≈≈≈≈≈≈≈≈≈≈≈≈≈
#.............#..≈≈≈≈≈≈≈≈≈≈≈≈
#......#.....###÷.≈≈≈≈≈≈≈≈≈≈≈
#......#.....# ##...≈≈≈≈≈≈≈≈≈
#......#.....######....≈≈≈≈≈≈
#......#.............#.....≈≈
#.....................####...
#.....................# ####


There were no monsters in sight!

Vanquished Creatures
  3 dart slugs (D:1)
  2 giant cockroaches (D:1)
  A hobgoblin (D:1)
  A kobold (D:1)
  A ball python (D:1)
  A bat (D:1)
  2 frilled lizards (D:1)
  2 rats (D:1)
13 creatures vanquished.

Notes
Turn   | Place    | Note
-------+----------+-------------------------------------------
     0 | D:1      | Redear the Demonspawn Fighter began the quest for the Orb.
     0 | D:1      | Reached XP level 1. HP: 18/18 MP: 1/1
   247 | D:1      | Gained mutation: You have a pair of small antennae on your
                  | head. [demonic ancestry]
   247 | D:1      | Reached XP level 2. HP: 24/24 MP: 2/2
   295 | D:1      | Reached skill level 2 in Maces & Flails
   476 | D:1      | Quit the game

Levels and vault maps discovered:
D:1:      minmay_arrival_shoal_huts, layout_basic

Skill      XL: |  1  2 |
---------------+-------+-----
Maces & Flails | 2 |  2.0
Fighting       | |  3.1
Armour         | |  2.9
Dodging        | |  0.6
Shields        | |  2.9

Action                   || total
-------------------------++-------
Melee: Flail             ||    30
Armor: Scale mail        ||    18
Dodge: Dodged            ||     7
Block: Shield            ||     5

Table legend:
 A = Non-vault XP
 B = Vault XP
 C = Vault XP percentage of total XP
 D = Non-vault monster count
 E = Vault monster count
 F = Vault count percentage of total count
                 A         B        C        D         E       F
            +---------+---------+-------+---------+---------+-------
      Total |      26 |       0 |   0.0 |      13 |       0 |   0.0
            +---------+---------+-------+---------+---------+-------
        D:1 |      26 |       0 |   0.0 |      13 |       0 |   0.0
            +---------+---------+-------+---------+---------+-------
